Map: Junção Kairos LE

Players

Vicster

  • Race: Terran Terran
  • League: Gold
  • Spawn Location: 5:00

KaoThiC - Winner!

  • Race: Protoss Protoss
  • League: Gold
  • Spawn Location: 11:00

VOD

Have the link to the VOD?

Description

Time

  • Played on: Jan. 5, 2019, 8:55 a.m.
  • Length: 6:31
Show
View Real Time Build Order
Export as new Build Order

Vicster Terran 

Build Orders: 1/1/1, Cyclone Opening 

Get SALT Encoding   

  12  0:01  SCV  
  13  0:13  SCV  
  14  0:17  Supply Depot  
  14  0:25  SCV  
  15  0:28  Refinery  
  15  0:38  SCV  
  16  0:46  Barracks  
  16  0:53  SCV  
  17  1:05  SCV  
  17  1:11  Supply Depot  
  18  1:17  SCV  
  19  1:20  Supply Depot  
  19  1:29  SCV  
  20  1:34  Marine  
  20  1:39  Factory  
  21  1:42  Orbital Command  
  21  1:48  Refinery  
  21  1:54  Marine  
  23  2:08  SCV  
  23  2:20  SCV  
  24  2:23  Barracks Reactor  
  24  2:27  Factory Tech Lab  
  24  2:28  Starport  
  24  2:32  SCV  
  25  2:38  Supply Depot  
  25  2:44  SCV  
  25  2:47  Cyclone  
  29  2:57  SCV  
  30  3:00  Marine, Supply Depot  
  30  3:02  Marine  
  32  3:08  Starport Tech Lab  
  32  3:09  SCV  
  33  3:21  SCV  
  33  3:22  Supply Depot, Cyclone  
  33  3:23  Marine  
  38  3:33  SCV  
  39  3:44  Raven  
  39  3:45  Marine x2, SCV  
  44  3:49  Supply Depot  
  44  3:57  SCV  
  45  4:03  Marine x2  
  45  4:09  SCV  
  40  4:25  Marine x2  
  40  4:30  Cyclone  
  45  4:36  Command Center  
  45  4:40  Barracks x2  
  45  4:43  Marine  
  38  5:09  Liberator  
  37  5:22  Marine  
  37  5:23  Siege Tank  
  45  5:38  Barracks Tech Lab x2  
  45  5:39  Supply Depot  
Show
View Real Time Build Order
Export as new Build Order

KaoThiC Protoss - Winner!

Build Orders:  

Get SALT Encoding   

  12  0:01  Probe  
  13  0:13  Probe  
  14  0:19  Pylon  
  14  0:27  Probe  
  15  0:36  Probe  
  15  0:38  Gateway  
  16  0:44  Probe  
  17  0:58  Probe  
  18  1:12  Probe  
  18  1:16  Assimilator  
  19  1:24  Probe  
  20  1:26  Cybernetics Core  
  20  1:29  Assimilator  
  20  1:33  Pylon  
  20  1:36  Probe  
  21  1:43  Warp Gate  
  21  1:48  Probe  
  22  1:57  Gateway  
  22  2:01  Gateway  
  22  2:05  Probe  
  23  2:20  Robotics Facility  
  23  2:27  Robotics Facility  
  23  2:32  Adept  
  23  2:35  Probe  
  26  2:43  Pylon  
  26  2:44  Stalker  
  26  2:49  Stalker  
  30  3:03  Pylon  
  30  3:15  Immortal  
  34  3:31  Stalker  
  34  3:32  Stalker  
  38  3:43  Pylon  
  38  3:51  Stalker  
  40  4:04  Immortal  
  42  4:16  Stalker x2  
  40  4:25  Stalker  
  40  4:43  Stalker x2  
  34  4:59  Stalker  
  32  5:15  Immortal  
  30  5:22  Stalker x2  
  38  5:35  Stalker  
  40  5:48  Stalker  
  40  5:49  Stalker  
  42  6:09  Stalker  
  44  6:22  Stalker x2  
Tags
 
Add a new tag
Caveats
  • Supply blocks, unpowered buildings, or Contaminate may cause inaccurate times.
  • Supply counts are checked every 10 seconds.